 Dungeon Crawl Stone Soup version 0.29-a0-8-g0446c0dae4 (webtiles) character file.

Game seed: 8693522230984834470

76 testman the Cudgeller (level 4, 0/43 (45) HPs)
             Began as a Troll Berserker on Jan 27, 2022.
             Was a Believer of Trog.
             Succumbed to an adder's poison
             ... on level 2 of the Dungeon.
             The game lasted 00:03:33 (1307 turns).

testman the Cudgeller (Troll Berserker)             Turns: 1307, Time: 00:03:33

HP:   0/43 (45)     AC:  5    Str: 27    XL:     4   Next: 12%
MP:   3/3           EV: 10    Int:  3    God:    Trog [**....]
Gold: 91            SH:  0    Dex:  9    Spells: 3/3 levels left

rFire   . . .      SeeInvis .   l - +0 flail
rCold   . . .      Faith    .   (no shield)
rNeg    . . .      Spirit   .   b - +0 animal skin
rPois   .          Reflect  .   (helmet restricted)
rElec   .          Harm     .   j - +0 cloak
rCorr   .          Rampage  .   (gloves unavailable)
Will    .....                   (boots unavailable)
Stlth   +.........              (no amulet)
HPRegen 0.94/turn               (no ring)
MPRegen 0.08/turn               (no ring)

@: lethally poisoned (0 -> -6), on berserk cooldown, hasted and slowed, lightly
drained
A: large, unfitting armour, claws 3, regeneration 1, shaggy fur 1, tough skin 1
a: Renounce Religion, Berserk, Trog's Hand


You were on level 2 of the Dungeon.
You worshipped Trog.
Trog was pleased with you.
You visited 1 branch of the dungeon, and saw 3 of its levels.

You collected 91 gold pieces.

Inventory:

Hand Weapons
 l - a +0 flail (weapon)
Missiles
 c - 51 stones (quivered)
Armour
 b - a +0 animal skin (worn)
 j - a +0 cloak (worn)
Jewellery
 e - a ring of see invisible
Scrolls
 d - a scroll of enchant armour {unknown}
 f - a scroll of fear {unknown}
 h - a scroll of magic mapping {unknown}
 i - a scroll of enchant weapon {unknown}
Potions
 k - a potion of mutation {unknown}


   Skills:
 + Level 3.3 Fighting
 + Level 3.7 Maces & Flails
 - Level 2.4 Dodging


You had 3 spell levels left.
You didn't know any spells.
Your spell library was empty.

Dungeon Overview and Level Annotations

Branches:
Dungeon (3/15)

Altars:

Annotations:
D:3 Sigmund


Innate Abilities, Weirdness & Mutations

You are too large for most types of armour.
You have claws for hands.
Your natural rate of healing is unusually fast.
You are covered in fur. (AC +1)
You have tough skin. (AC +1)


Message History

You feel a strong urge to attack something.
There is a stone staircase leading up here.
Something hits you. The adder closely misses you.
You feel your anger nearly subside.
You are no longer berserk.
You are exhausted.
You feel yourself slow down.
You sock something! The adder bites you but does no damage.
Something hits you but does no damage. The adder bites you but does no damage.
The adder bites you. Something hits you! The adder bites you.
The adder barely misses you. Something hits you! The adder bites you.
You are poisoned.
The adder poisons you!
There is a stone staircase leading up here.
You feel sick. The adder misses you. Something hits you!
* * * LOW HITPOINT WARNING * * *
The adder closely misses you.
You climb upwards.
Reactivating autopickup.
You feel sick.
There is a stone staircase leading down here.
It was a potion of haste.
You feel yourself speed up.
You feel sick.
You are no longer poisoned.
The adder misses you. The adder bites you but does no damage.
You miss the adder. The adder bites you but does no damage.
You hit the adder.
The adder is lightly wounded.
The adder bites you.
* * * LOW HITPOINT WARNING * * *
You are poisoned.
The adder poisons you! The adder barely misses you.
You miss the adder.
The adder is lightly wounded.
You feel sick. The adder bites you.
* * * LOW HITPOINT WARNING * * *
You are more poisoned.
The adder poisons you! The adder bites you but does no damage.
You barely miss the adder.
The adder is lightly wounded.
You die...

#.##..# #..(.........###..#
#.##..# #.#...######.# #..# ##
#.##..# #.##.## #.# #..# .#
#.##..# #.#..# #.###..# .#
#.....# #.#.## #.>....#
.#####...# #.#.########.####.##
...>.....# #.#..........# #...
.#####..## #.#..#######.# #### .#
#..# #.#@.# #.# # .# #..# #.#S.#
#.# # ######..# #.#..# #.# #
....)...######.#..# #.#######
###..##........#..#######......[.
#..#..[...................#####
#..#.##########..#.<.##..######
#..#.# #...............# #..#.#
#######............#.#


You could see an adder.

Vanquished Creatures
  4 adders (D:2)
  2 worms (D:2)
  A bat (D:2)
  An endoplasm (D:1)
  3 giant cockroaches
  5 goblins (D:2)
  A hobgoblin (D:2)
  3 jackals (D:1)
  2 quokkas
  4 ball pythons
  3 frilled lizards
  5 kobolds
  2 rats (D:2)
36 creatures vanquished.

Notes
Turn   | Place    | Note
-------+----------+-------------------------------------------
     0 | D:1      | testman the Troll Berserker began the quest for the Orb.
     0 | D:1      | Reached XP level 1. HP: 22/22 MP: 0/0
   218 | D:1      | Reached XP level 2. HP: 29/29 MP: 1/1
   639 | D:2      | Reached XP level 3. HP: 33/37 MP: 2/2
   846 | D:2      | Reached ** piety under Trog
   974 | D:2      | Reached XP level 4. HP: 37/45 MP: 3/3
  1291 | D:3      | Noticed Sigmund
  1306 | D:2      | HP: 1/43 [adder (3)]
  1307 | D:2      | Succumbed to an adder's poison

Illustrated notes

Levels and vault maps discovered:
D:1:      saegor_arrival_simple_c, layout_loops_ring, hangedman_decor_push
D:2:      layout_loops_ring, serial_bayou_ford_a
D:3:      layout_basic, lemuel_doored_altar, uniq_sigmund

Skill      XL: |  1  2 |
---------------+-------+-----
Maces & Flails | 3 |  3.7
Fighting       | 3 |  3.3
Dodging        | |  2.4

Action                   |  1- 3 |  4- 6 || total
-------------------------+-------+-------++-------
Melee: Mace              |   104 |    26 ||   130
       Punch             |     1 |       ||     1
       Flail             |       |     8 ||     8
Invok: Berserk           |       |     1 ||     1
  Use: Potion            |       |     1 ||     1
Armor: Animal skin       |    50 |    19 ||    69
Dodge: Dodged            |    70 |    17 ||    87

Table legend: (Time is in decaauts)
 A = Elapsed time spent in this place.
 B = Non-inter-level travel time spent in this place.
 C = Inter-level travel time spent in this place.
 D = Time resting spent in this place.
 E = Time spent auto-exploring this place.
 F = Levels seen in this place.
 G = Mean time per level.
                   A        B        C        D        E       F      G
               +--------+--------+--------+--------+--------+-----+--------+
         Total |   1348 |   1292 |     56 |      0 |    955 |   3 |  449.3 |
       Dungeon |   1348 |   1292 |     56 |      0 |    955 |   3 |  449.3 |
               +--------+--------+--------+--------+--------+-----+--------+

Top non-repeatable levels by time:
     D:2: 738 daAuts
     D:1: 598 daAuts
     D:3: 11 daAuts
